PAAA
CALGARY LYNX @ PLYMOUTH ROCKS
07/13/2030
 
TOP OF THE 1ST
Calgary Lynx batting - Pitching for Plymouth Rocks : LHP Zalontae Hillary
Pitching: LHP Zalontae Hillary
Batting: RHB Jing-sheng Joo 0-0: Ball
1-0: Ball
2-0: Foul Ball, location: 2F
2-1: Called Strike
2-2: Foul Ball, location: 2F
2-2: Ground out 5-3 (Groundball, 56)
Batting: LHB Daniel García 0-0: SINGLE (Groundball, 34D)
Batting: RHB Miguel Rosales 0-0: Fly out, F1 (Line Drive, 15)
Batting: RHB Yifu Chen 0-0: Ball
1-0: Swinging Strike
1-1: Foul Ball, location: 2F
1-2: Ball
2-2: Ball
3-2: Fly out, F9 (Line Drive, 9)
Top of the 1st over - 0 runs, 1 hit, 0 errors, 1 left on base; Calgary 0 - Plymouth 0
BOTTOM OF THE 1ST
Plymouth Rocks batting - Pitching for Calgary Lynx : RHP Eric Lang
Pitching: RHP Eric Lang
Batting: LHB Edgardo De Jesús 0-0: Called Strike
0-1: Called Strike
0-2: Ball
1-2: SINGLE (Groundball, 4MD)
Batting: SHB Raúl Duarte 0-0: Called Strike
0-1: Ball
1-1: Ball
Wild Pitch!
Edgardo De Jesús to second
2-1: Ball
3-1: Called Strike
3-2: Fly out, F8 (Flyball, 8RS)
Batting: LHB José Castillo 0-0: Ball
Edgardo De Jesús steals 3rd base
1-0: Called Strike
1-1: Ball
2-1: Foul Ball, location: 2F
2-2: Foul Ball, location: 2F
2-2: Ball
3-2: Fly out, F7 (Flyball, 7D)
Runner from 3rd tags up, SCORES, throw made
Batting: LHB Carlos Álvarez 0-0: Called Strike
0-1: Ground out 4-3 (Groundball, 4)
Bottom of the 1st over - 1 run, 1 hit, 0 errors, 0 left on base; Calgary 0 - Plymouth 1
TOP OF THE 2ND
Calgary Lynx batting - Pitching for Plymouth Rocks : LHP Zalontae Hillary
Batting: RHB Tony Farquharson 0-0: Swinging Strike
0-1: Fly out, F6 (Line Drive, 6)
Batting: RHB Mauro Pérez 0-0: Swinging Strike
0-1: Ball
1-1: Ball
2-1: Ground out 5-3 (Groundball, 5)
Batting: RHB Álex Estrada 0-0: Ball
1-0: Foul Ball, location: 2F
1-1: Fly out, F7 (Flyball, 78D)
Top of the 2nd over - 0 runs, 0 hits, 0 errors, 0 left on base; Calgary 0 - Plymouth 1
BOTTOM OF THE 2ND
Plymouth Rocks batting - Pitching for Calgary Lynx : RHP Eric Lang
Batting: SHB Roku Hara 0-0: Ball
1-0: Ball
2-0: Ground out 5-3 (Groundball, 5D)
Batting: RHB Cosmo Bjorkenheim 0-0: Ball
1-0: Called Strike
1-1: Ball
2-1: Ground out 4-3 (Groundball, 4S)
Batting: RHB Gene Lucero 0-0: Swinging Strike
0-1: Ball
1-1: Ball
2-1: SINGLE (Groundball, 34D)
Batting: RHB Chris Teague 0-0: Ball
1-0: Called Strike
1-1: Ball
2-1: Ball
3-1: Foul Ball, location: 2F
3-2: Foul Ball, location: 2F
3-2: Fly out, F6 (Popup, 6MS)
Bottom of the 2nd over - 0 runs, 1 hit, 0 errors, 1 left on base; Calgary 0 - Plymouth 1
TOP OF THE 3RD
Calgary Lynx batting - Pitching for Plymouth Rocks : LHP Zalontae Hillary
Batting: SHB Sang-hoon Chon 0-0: Ball
1-0: Ball
2-0: Foul Ball, location: 2F
2-1: Ball
3-1: Base on Balls
Batting: SHB Chavo Guerrero, Jr. 0-0: Ball
1-0: Fly out, F9 (Flyball, 9)
Batting: RHB Jing-sheng Joo 0-0: Called Strike
Sang-hoon Chon is caught stealing 2nd base
0-1: Fly out, F8 (Flyball, 8LD)
Top of the 3rd over - 0 runs, 0 hits, 0 errors, 0 left on base; Calgary 0 - Plymouth 1
BOTTOM OF THE 3RD
Plymouth Rocks batting - Pitching for Calgary Lynx : RHP Eric Lang
Batting: RHB Luis Guerrero 0-0: Ball
1-0: Foul Ball, location: 2F
1-1: Called Strike
1-2: Strikes out swinging
Batting: LHB Edgardo De Jesús 0-0: Called Strike
0-1: Ball
1-1: Foul Ball, location: 2F
1-2: SINGLE (Line Drive, 34D)
Batting: SHB Raúl Duarte 0-0: Ball
1-0: Ball
2-0: Swinging Strike
2-1: Ball
3-1: Fly out, F9 (Flyball, 9D)
Batting: LHB José Castillo 0-0: Fly out, F7 (Flyball, 78D)
Bottom of the 3rd over - 0 runs, 1 hit, 0 errors, 1 left on base; Calgary 0 - Plymouth 1
TOP OF THE 4TH
Calgary Lynx batting - Pitching for Plymouth Rocks : LHP Zalontae Hillary
Batting: LHB Daniel García 0-0: Ball
1-0: Fly out, F6 (Popup, 4MD)
Batting: RHB Miguel Rosales 0-0: Ball
1-0: Swinging Strike
1-1: Ball
2-1: Foul Ball, location: 2F
2-2: Ball
3-2: Foul Ball, location: 2F
3-2: Ground out 1-3 (Groundball, P)
Batting: RHB Yifu Chen 0-0: Ball
1-0: Foul Ball, location: 2F
1-1: Foul Ball, location: 2F
1-2: DOUBLE (Line Drive, 89M)
Batting: RHB Tony Farquharson 0-0: Ball
1-0: Ball
2-0: Ball
3-0: Called Strike
3-1: Foul Ball, location: 2F
3-2: SINGLE (Line Drive, 56)
Yifu Chen to third
Yifu Chen scores
Batting: RHB Mauro Pérez 0-0: Foul Ball, location: 2F
0-1: Fielders Choice at 2nd, 5-4 (Groundball, 56)
Top of the 4th over - 1 run, 2 hits, 0 errors, 1 left on base; Calgary 1 - Plymouth 1
BOTTOM OF THE 4TH
Plymouth Rocks batting - Pitching for Calgary Lynx : RHP Eric Lang
Batting: LHB Carlos Álvarez 0-0: Ball
1-0: Ball
2-0: Foul Ball, location: 2F
2-1: Ball
3-1: Called Strike
3-2: SINGLE (Groundball, 4MD)
Batting: SHB Roku Hara 0-0: Foul Ball, location: 2F
0-1: Swinging Strike
0-2: Ball
1-2: Ball
2-2: 2-RUN HOME RUN (Flyball, 9LD), Distance : 346 ft
Batting: RHB Cosmo Bjorkenheim 0-0: Ball
1-0: Ball
2-0: Fly out, F8 (Flyball, 8LD)
Batting: RHB Gene Lucero 0-0: Called Strike
0-1: Ball
1-1: Fly out, F8 (Flyball, 8LD)
Batting: RHB Chris Teague 0-0: Ball
1-0: Ball
2-0: Ground out 4-3 (Groundball, 4)
Bottom of the 4th over - 2 runs, 2 hits, 0 errors, 0 left on base; Calgary 1 - Plymouth 3
TOP OF THE 5TH
Calgary Lynx batting - Pitching for Plymouth Rocks : LHP Zalontae Hillary
Batting: RHB Álex Estrada 0-0: Foul Ball, location: 2F
0-1: SINGLE (Groundball, 34S) (infield hit)
Batting: SHB Sang-hoon Chon 0-0: Ball
1-0: Fly out, F9 (Flyball, 9S)
Batting: SHB Chavo Guerrero, Jr. 0-0: Ball
1-0: Ball
2-0: Fly out, F7 (Flyball, 7S)
Batting: RHB Jing-sheng Joo 0-0: Ball
1-0: Called Strike
1-1: Ground out 4-3 (Groundball, 4)
Top of the 5th over - 0 runs, 1 hit, 0 errors, 1 left on base; Calgary 1 - Plymouth 3
BOTTOM OF THE 5TH
Plymouth Rocks batting - Pitching for Calgary Lynx : RHP Eric Lang
Batting: RHB Luis Guerrero 0-0: Ball
1-0: Called Strike
1-1: Foul Ball, location: 2F
1-2: Foul Ball, location: 2F
1-2: Ball
2-2: Ball
3-2: Ground out 4-3 (Groundball, 34)
Batting: LHB Edgardo De Jesús 0-0: Ball
1-0: Ground out 6-3 (Groundball, 6)
Batting: SHB Raúl Duarte 0-0: Ball
1-0: Ball
2-0: Ball
3-0: Called Strike
3-1: Swinging Strike
3-2: Base on Balls
Batting: LHB José Castillo 0-0: Ball
1-0: Foul Ball, location: 2F
1-1: Ball
2-1: Foul Ball, location: 2F
2-2: DOUBLE (Line Drive, 7LM)
Raúl Duarte to third
Runner from 3rd tries for Home, SAFE, throw made at trailing runner, OUT at third!
Bottom of the 5th over - 1 run, 1 hit, 0 errors, 0 left on base; Calgary 1 - Plymouth 4
TOP OF THE 6TH
Calgary Lynx batting - Pitching for Plymouth Rocks : LHP Zalontae Hillary
Batting: LHB Daniel García 0-0: Called Strike
0-1: Ball
1-1: Ball
2-1: Ball
3-1: Foul Ball, location: 2F
3-2: Foul Ball, location: 2F
3-2: Fly out, F4 (Line Drive, 4)
Batting: RHB Miguel Rosales 0-0: Swinging Strike
0-1: Called Strike
0-2: Fly out, F2 (Popup, 15S)
Batting: RHB Yifu Chen 0-0: Called Strike
0-1: Swinging Strike
0-2: Ball
1-2: Ball
2-2: Foul Ball, location: 2F
2-2: Foul Ball, location: 2F
2-2: Ground out 5-3 (Groundball, 5)
Top of the 6th over - 0 runs, 0 hits, 0 errors, 0 left on base; Calgary 1 - Plymouth 4
BOTTOM OF THE 6TH
Plymouth Rocks batting - Pitching for Calgary Lynx : RHP Eric Lang
Batting: LHB Carlos Álvarez 0-0: Swinging Strike
0-1: Ball
1-1: Ball
2-1: Ball
3-1: Ground out 1-3 (Groundball, 13S)
Batting: SHB Roku Hara 0-0: Called Strike
0-1: Ball
1-1: SINGLE (Groundball, 56D)
Batting: RHB Cosmo Bjorkenheim 0-0: Ball
1-0: Ball
2-0: SINGLE (Line Drive, 56)
Roku Hara to second
Pitching: RHP Manuel Pader
Batting: RHB Gene Lucero 0-0: Fielders Choice at 2nd, 6-4 (Groundball, 6)
Roku Hara to third
Batting: RHB Chris Teague 0-0: Ball
1-0: Ball
2-0: Foul Ball, location: 2F
2-1: Foul Ball, location: 2F
2-2: Fielders Choice at 2nd, 6-4 (Groundball, 6)
Bottom of the 6th over - 0 runs, 2 hits, 0 errors, 2 left on base; Calgary 1 - Plymouth 4
TOP OF THE 7TH
Calgary Lynx batting - Pitching for Plymouth Rocks : LHP Zalontae Hillary
Batting: RHB Tony Farquharson 0-0: Fly out, F7 (Flyball, 7)
Batting: RHB Mauro Pérez 0-0: SINGLE (Line Drive, 89S)
Batting: RHB Álex Estrada 0-0: Ball
1-0: Ball
2-0: Called Strike
2-1: Fly out, F7 (Line Drive, 7)
Batting: SHB Sang-hoon Chon 0-0: Ball
1-0: Called Strike
1-1: Ball
2-1: Fly out, F7 (Line Drive, 78XD)
Top of the 7th over - 0 runs, 1 hit, 0 errors, 1 left on base; Calgary 1 - Plymouth 4
BOTTOM OF THE 7TH
Plymouth Rocks batting - Pitching for Calgary Lynx : RHP Manuel Pader
Batting: RHB Luis Guerrero 0-0: Ground out 1-3 (Groundball, 13S)
Batting: LHB Edgardo De Jesús 0-0: Foul Ball, location: 2F
0-1: Called Strike
0-2: Ball
1-2: Ball
2-2: Fly out, F5 (Line Drive, 56)
Batting: SHB Raúl Duarte 0-0: Foul Ball, location: 2F
0-1: Ball
1-1: Ground out 6-3 (Groundball, 6M)
Bottom of the 7th over - 0 runs, 0 hits, 0 errors, 0 left on base; Calgary 1 - Plymouth 4
TOP OF THE 8TH
Calgary Lynx batting - Pitching for Plymouth Rocks : LHP Zalontae Hillary
Batting: SHB Chavo Guerrero, Jr. 0-0: Ground out 6-3 (Groundball, 56)
Batting: RHB Jing-sheng Joo 0-0: Called Strike
0-1: Ball
1-1: Swinging Strike
1-2: Strikes out swinging
Batting: LHB Daniel García 0-0: SINGLE (Line Drive, 6)
Batting: RHB Miguel Rosales 0-0: Ball
1-0: Called Strike
1-1: Ball
2-1: Fly out, F9 (Flyball, 9LS)
Top of the 8th over - 0 runs, 1 hit, 0 errors, 1 left on base; Calgary 1 - Plymouth 4
BOTTOM OF THE 8TH
Plymouth Rocks batting - Pitching for Calgary Lynx : RHP Manuel Pader
Batting: LHB José Castillo 0-0: Foul Ball, location: 2F
0-1: Ball
1-1: SINGLE (Groundball, 5L) (infield hit)
Batting: LHB Carlos Álvarez 0-0: Called Strike
0-1: Ball
1-1: Ball
2-1: Ball
3-1: Base on Balls
José Castillo to second
Batting: SHB Roku Hara 0-0: Called Strike
0-1: Ball
1-1: Fly out, F9 (Flyball, 89D)
Runner from 2nd tags up, SAFE at 3rd, no throw
Batting: RHB Cosmo Bjorkenheim 0-0: Called Strike
0-1: Ball
1-1: Ball
2-1: Called Strike
2-2: Fly out, F8 (Flyball, 8LD)
Runner from 3rd tags up, SCORES, throw made
Batting: RHB Gene Lucero 0-0: Ball
1-0: Ball
2-0: Ball
3-0: Base on Balls
Carlos Álvarez to second
Batting: RHB Chris Teague 0-0: Ball
1-0: Ball
2-0: Fly out, F7 (Flyball, 78S)
Bottom of the 8th over - 1 run, 1 hit, 0 errors, 2 left on base; Calgary 1 - Plymouth 5
TOP OF THE 9TH
Calgary Lynx batting - Pitching for Plymouth Rocks : LHP Zalontae Hillary
Batting: RHB Yifu Chen 0-0: Ball
1-0: Ground out U3 (Groundball, 3)
Batting: RHB Tony Farquharson 0-0: Ball
1-0: Foul Ball, location: 2F
1-1: Ball
2-1: Swinging Strike
2-2: Foul Ball, location: 2F
2-2: Ball
3-2: Foul Ball, location: 2F
3-2: Fly out, F7 (Flyball, 7LM)
Batting: RHB Mauro Pérez 0-0: Called Strike
0-1: Foul Ball, location: 2F
0-2: Ball
1-2: Strikes out looking
Top of the 9th over - 0 runs, 0 hits, 0 errors, 0 left on base; Calgary 1 - Plymouth 5
Sunday, March 18th, 2018 - OOTP Baseball 18.8 Build 76